 Dungeon Crawl Stone Soup version 0.26.1-15-g04117e645d (webtiles) character file.

Game seed: 17311683514763701396

48 Froggeryz the Cutter (level 3, -1/26 HPs)
             Began as an Octopode Berserker on Apr 19, 2022.
             Was a Believer of Trog.
             Slain by a gnoll
             ... wielding a +0 whip
              (8 damage)
             ... on level 2 of the Dungeon.
             The game lasted 00:00:55 (1693 turns).

Froggeryz the Cutter (Octopode Berserker)           Turns: 1693, Time: 00:00:56

Health: -1/26      AC:  1    Str: 16    XL:     3   Next: 72%
Magic:  3/3        EV:  8    Int:  9    God:    Trog [**....]
Gold:   103        SH:  0    Dex: 18    Spells: 2/2 levels left

rFire    . . .     SeeInvis .   a - +0 short sword
rCold    . . .     Faith    .   (no shield)
rNeg     . . .     Spirit   .   (helmet restricted)
rPois    .         Reflect  .   (no amulet)
rElec    .         Harm     .   d - +6 ring of dexterity
rCorr    .         Rampage  .   (no ring)
Will     .....                  (no ring)
Stlth    +++.......             (no ring)
HPRegen  0.08/turn              (no ring)
MPRegen  0.08/turn              (no ring)
                                (no ring)
                                (no ring)

@: held
A: almost no armour, stealthy swim, amphibious, 8 rings, constrict 8, camouflage
1, gelatinous body 1
a: Renounce Religion, Berserk, Trog's Hand


You were on level 2 of the Dungeon.
You worshipped Trog.
Trog was pleased with you.
You visited 1 branch of the dungeon, and saw 2 of its levels.

You collected 103 gold pieces.

Inventory:

Hand Weapons
 a - a +0 short sword (weapon)
Missiles
 n - 6 poisoned darts
Jewellery
 d - a +6 ring of dexterity (left tentacle)
 e - an uncursed ring of ice {unknown}
 i - an uncursed amulet of faith {unknown}
Scrolls
 b - a scroll of random uselessness {unknown}
 c - a scroll of identify {unknown}
 f - 3 scrolls of remove curse {unknown}
 h - a scroll of blinking {unknown}
 j - a scroll of enchant armour {unknown}
 l - 2 scrolls of enchant weapon {unknown}
Potions
 g - a potion of mutation {unknown}
 k - a potion of heal wounds {unknown}
 m - a potion of brilliance {unknown}
 o - a potion of berserk rage {unknown}
 p - a potion of might {unknown}


   Skills:
 - Level 3.0 Fighting
 * Level 4.2 Short Blades
 - Level 3.0 Dodging
 + Level 2.2 Stealth


You had 2 spell levels left.
You didn't know any spells.
Your spell library was empty.

Dungeon Overview and Level Annotations

Branches:
Dungeon (2/15)

Altars:


Innate Abilities, Weirdness & Mutations

You cannot wear most types of armour.
You are very stealthy in the water. (Stealth+)
You are amphibious.
You can wear up to eight rings at the same time.
You can use your tentacles to constrict eight enemies at once.
Your skin changes colour to match your surroundings (Stealth+).
Your rubbery body absorbs attacks. (AC +1, EV +1)


Message History

There is a stone staircase leading down, spattered with blood here.
Things that are here:
a +0 club; a hobgoblin corpse The gnoll shouts! x2
The gnoll throws a throwing net.
The throwing net hits you.
You become entangled in the net!
You see here a throwing net.
You are held in a net!
You are held in a net!
You are held in a net!
You are held in a net!
You are held in a net!
You are held in a net!
You struggle against the net.
The gnoll barely misses you. The gnoll hits you with a +0 whip!
You struggle against the net.
The gnoll hits you from afar with a +0 spear!
* * * LOW HITPOINT WARNING * * *
The gnoll hits you with a +0 whip!
You die...

####### #.....#.
#.###.#.# #
#.#.#.#.####### .
####'#'#.#.#.....# .
#........#.#..g..# .
###.....<..#...@gg.#..
.
#.'........#..>........
.
#.#........#...........
#
#.#........#...........
#.#....................
#.#...............#####
#.##+#+#+#.....#...# .#
#.# .#.....#...# ...
#.######.#.....+...+
...


You could see 3 gnolls.

Vanquished Creatures
  An adder (D:2)
  A worm (D:2)
  2 dart slugs (D:1)
  A leopard gecko (D:2)
  A giant cockroach (D:1)
  4 goblins
  6 hobgoblins
  3 jackals (D:1)
  2 ball pythons (D:1)
  4 bats (D:1)
  A frilled lizard (D:2)
  3 kobolds (D:1)
  2 rats
31 creatures vanquished.

Notes
Turn   | Place    | Note
-------+----------+-------------------------------------------
     0 | D:1      | Froggeryz the Octopode Berserker began the quest for the
                  | Orb.
     0 | D:1      | Reached XP level 1. HP: 16/16 MP: 1/1
   326 | D:1      | Reached XP level 2. HP: 21/21 MP: 2/2
   333 | D:1      | Reached skill level 1 in Stealth
   850 | D:1      | Reached ** piety under Trog
   857 | D:1      | Reached XP level 3. HP: 26/26 MP: 3/3
  1350 | D:2      | Reached skill level 4 in Short Blades
  1693 | D:2      | Slain by a gnoll

Illustrated notes

Levels and vault maps discovered:
D:1:      shiori_shiawase, layout_basic, chequers_serial_rivers_small_3,
          minmay_pentomino_q4
D:2:      layout_basic

Skill      XL: |  1  2  3 |
---------------+----------+-----
Stealth        | 1 2 |  2.2
Short Blades   | 4 |  4.2
Fighting       | |  3.0
Dodging        | |  3.0

Action                   || total
-------------------------++-------
Melee: Short sword       ||    60
       Constrict         ||    18
       Tentacles         ||    11
 Stab: Sleeping          ||     5
       Distracted        ||     2
Armor: Skin              ||     6
Dodge: Dodged            ||    33
